AoeStats
← damiansima

Baltic

510621094Analyzed
4v4 RM · 1d ago on Oct 1, 2026· 18m 26s· 8 players
Game mode
Random Map
Map size
Large (8 player)
Population
200
Speed
Normal
Resources
Standard
Victory
Conquest
Starting age
Dark Age
Ending age
Imperial Age
RankedLock teamsTeams togetherTeam positionsShared explorationLock speedFull tech treeHidden civsTurbo modeCheats
Victory
Defeat
🇮🇹 Britons · Italy
1285
+16
🇨🇱 Ethiopians · Chile
1269
+17
🇳🇱 Turks · Netherlands
1240
+18
🇬🇷 Poles · Greece
1229
+18
🇺🇸 Shu · United States
1332
-19
🇺🇸 Sicilians · United States
1330
-19
🇺🇸 Magyars · United States
1249
-16
🇦🇷 Aztecs · Argentina
1230
-15
Diegote
7:04 Loom
10:47 Feudal Age
11:45 Double-Bit Axe
16:32 Castle Age
16:25 Gold Mining
16:28 Fletching
17:33 Bow Saw
.I.
7:18 Loom
9:50 Feudal Age
10:20 Double-Bit Axe
15:29 Fletching
16:13 Town Watch
19:54 Castle Age
17:48 Horse Collar
18:36 Gold Mining
HSL | MaurKo
6:41 Loom
9:45 Feudal Age
10:30 Double-Bit Axe
11:59 Horse Collar
12:56 Fletching
18:59 Castle Age
18:18 Padded Archer Armor
18:58 Wheelbarrow
18:15 Gold Mining
Apsoutonas
7:39 Loom
10:40 Feudal Age
11:12 Double-Bit Axe
14:33 Wheelbarrow
17:51 Forging
17:48 Scale Barding Armor
20:32 Castle Age
Hamstring Cramp
3:55 Loom
12:16 Feudal Age
14:16 Double-Bit Axe
16:36 Scale Mail Armor
17:25 Forging
17:24 Horse Collar
Zenar
9:21 Feudal Age
12:00 Double-Bit Axe
17:05 Castle Age
15:39 Horse Collar
Rhythm_
8:35 Feudal Age
9:10 Double-Bit Axe
9:06 Horse Collar
10:32 Loom
11:31 Wheelbarrow
16:51 Castle Age
damiansima
11:58 Feudal Age
11:11 Loom
13:17 Double-Bit Axe
13:14 Horse Collar
16:30 Castle Age
17:39 Fletching
Connection lost

Rejoining the realm…

Still unreachable

The connection could not be restored.

Session expired

The server has moved on; the page needs a fresh start.